 Dungeon Crawl Stone Soup version 0.29-a0-43-g62a80824bf (webtiles) character file.

Game seed: 11879511562582910891

9 HallandMoats the Skirmisher (level 2, 0/19 HPs)
             Began as a Gargoyle Fighter on Feb 2, 2022.
             Was a Follower of Kikubaaqudgha.
             Slain by a hobgoblin (1 damage)
             ... on level 1 of the Dungeon.
             The game lasted 00:00:28 (456 turns).

HallandMoats the Skirmisher (Gargoyle Fighter)       Turns: 456, Time: 00:00:29

Health: 0/19       AC:  9    Str: 19    XL:     2   Next: 16%
Magic:  2/2        EV:  9    Int:  8    God:    Kikubaaqudgha [*.....]
Gold:   0          SH:  4    Dex:  9    Spells: 1/1 levels left

rFire   . . .      SeeInvis .   a - +0 war axe
rCold   . . .      Faith    .   c - +0 buckler
rNeg    + . .      Spirit   .   b - +0 scale mail
rPois   ∞          Reflect  .   (no helmet)
rElec   +          Harm     .   (no cloak)
rCorr   .          Rampage  .   (no gloves)
Will    .....                   (no boots)
Stlth   ..........              (no amulet)
HPRegen 0.06/turn               (no ring)
MPRegen 0.08/turn               (no ring)

@: no status effects
A: sickness immunity, AC +2, negative energy resistance 1, electricity
resistance, torment resistance 1, petrification resistance
a: Renounce Religion, Receive Corpses


You were on level 1 of the Dungeon.
You worshipped Kikubaaqudgha.
Kikubaaqudgha was aware of your devotion.
You visited 1 branch of the dungeon, and saw 1 of its levels.

Inventory:

Hand Weapons
 a - a +0 war axe (weapon)
Armour
 b - a +0 scale mail (worn)
 c - a +0 buckler (worn)
Scrolls
 e - a scroll of identify {unknown}
 f - a scroll of blinking {unknown}
Potions
 d - a potion of might


   Skills:
 * Level 3.4 Fighting
 * Level 2.0 Axes
 + Level 3.3 Armour
 + Level 0.2 Dodging
 + Level 3.3 Shields
 * Level 0.6 Invocations


You had one spell level left.
You didn't know any spells.
Your spell library contained the following spells:

 Spells                   Type           Power      Damage    Failure   Level
 Animate Skeleton         Necr           0%         N/A       86%         1
 Pain                     Necr           0%         1d4       86%         1
 Corpse Rot               Necr/Air       0%         N/A       95%         2
 Agony                    Necr           0%         N/A       100%        5


Dungeon Overview and Level Annotations

Branches:
Dungeon (1/15)

Altars:
Kikubaaqudgha


Innate Abilities, Weirdness & Mutations

You are immune to sickness and miasma.
Your stone body is resilient. (AC +2)
You are immune to poison.
You resist negative energy. (rN+)
You are resistant to electric shocks. (rElec)
You are resistant to unholy torment.
You are immune to petrification.


Message History

The bat barely misses you. You block the bat's attack.
The hobgoblin barely misses you.
The hobgoblin hits you but does no damage.
The rat bites you but does no damage.
The bat hits you but does no damage. x2; The hobgoblin hits you.
* * * LOW HITPOINT WARNING * * *
The hobgoblin closely misses you. The rat bites you but does no damage.
The bat hits you but does no damage.
The hobgoblin hits you but does no damage.
The hobgoblin hits you.
* * * LOW HITPOINT WARNING * * *
You block the rat's attack.
The hobgoblin hits you but does no damage.
The hobgoblin barely misses you. The rat bites you but does no damage.
The bat hits you.
* * * LOW HITPOINT WARNING * * *
You block the hobgoblin's attack. The hobgoblin closely misses you.
You block the rat's attack. The bat hits you but does no damage.
The hobgoblin barely misses you. x2
The rat closely misses you. The bat hits you but does no damage.
You block the hobgoblin's attack.
The hobgoblin hits you but does no damage.
The rat barely misses you. The bat hits you.
* * * LOW HITPOINT WARNING * * *
The hobgoblin barely misses you. x2; You block the rat's attack.
You block the hobgoblin's attack. The hobgoblin closely misses you.
The rat bites you but does no damage. The endoplasm closely misses you.
The hobgoblin closely misses you. You block the hobgoblin's attack.
The rat closely misses you.
The endoplasm hits you but does no damage.
The hobgoblin closely misses you.
The hobgoblin hits you but does no damage.
The rat barely misses you. The endoplasm freezes you.
You are frozen.
* * * LOW HITPOINT WARNING * * *
The hobgoblin hits you.
You die...
Kikubaaqudgha rasps: "You have failed me!
Welcome... oblivion!"

#############
#...........#
#.#########.#
#.# #.#
######.###
#.# ###
#........##
#.####..
#....g♣g..#
#...##..
#.r..♣@♣..#
#..[....
......r♣J..#
#.......
........b..#
###.......
.........#.#
#........|
##..........#
#...##....
#..........#
#...######
#..........#
##### #
...... ... #
#


You could see an endoplasm, 2 hobgoblins, a bat and a rat.

Vanquished Creatures
  A dart slug (D:1)
  A ball python (D:1)
  2 endoplasms (D:1)
  A giant cockroach (D:1)
  A bat (D:1)
  A rat (D:1)
7 creatures vanquished.

Notes
Turn   | Place    | Note
-------+----------+-------------------------------------------
     0 | D:1      | HallandMoats the Gargoyle Fighter began the quest for the
                  | Orb.
     0 | D:1      | Reached XP level 1. HP: 14/14 MP: 1/1
   148 | D:1      | Reached XP level 2. HP: 17/19 MP: 2/2
   423 | D:1      | Found a faded altar of an unknown god.
   427 | D:1      | Prayed at the altar of an unknown god.
   427 | D:1      | Became a worshipper of Kikubaaqudgha
   427 | D:1      | Reached * piety under Kikubaaqudgha
   427 | D:1      | Received a gift from Kikubaaqudgha
   456 | D:1      | Slain by a hobgoblin

Illustrated notes

Levels and vault maps discovered:
D:1:      dpeg_arrival_erosion, layout_basic, chequers_ecumenical_altar_simple,
          amcnicky_mini_corridor_feature

Skill      XL: |  1  2 |
---------------+-------+-----
Axes           | 2 |  2.0
Fighting       | |  3.4
Armour         | |  3.3
Dodging        | |  0.2
Shields        | |  3.3
Invocations    | |  0.6

Action                   || total
-------------------------++-------
Melee: War axe           ||    14
Armor: Scale mail        ||    46
Dodge: Dodged            ||    46
Block: Buckler           ||    22

Table legend: (Time is in decaauts)
 A = Elapsed time spent in this place.
 B = Non-inter-level travel time spent in this place.
 C = Inter-level travel time spent in this place.
 D = Time resting spent in this place.
 E = Time spent auto-exploring this place.
 F = Levels seen in this place.
 G = Mean time per level.
                   A        B        C        D        E       F      G
               +--------+--------+--------+--------+--------+-----+--------+
         Total |    462 |    462 |      0 |    215 |    166 |   1 |  462.0 |
       Dungeon |    462 |    462 |      0 |    215 |    166 |   1 |  462.0 |
               +--------+--------+--------+--------+--------+-----+--------+

Top non-repeatable levels by time:
     D:1: 462 daAuts
